 Dungeon Crawl Stone Soup version 0.21-a0-210-gbfa5647 (webtiles) character file.

18 Gorglomux the Chopper (level 2, -5/26 HPs)
             Began as a Hill Orc Abyssal Knight on Aug 21, 2017.
             Slain by a small abomination (12 damage)
             ... created by the touch of Lugonu
             ... on level 1 of the Dungeon.
             The game lasted 00:01:03 (1220 turns).

Gorglomux the Chopper (Hill Orc Abyssal Knight)     Turns: 1220, Time: 00:01:04

Health: -5/26      AC:  8    Str: 14    XL:     2   Next: 70%
Magic:  3/3        EV:  6    Int: 12    God:
Gold:   40         SH:  0    Dex: 10    Spells: 1/1 levels left

rFire    . . .     SeeInvis .   a - +1 hand axe
rCold    . . .     Gourm    .   (no shield)
rNeg     . . .     Faith    .   m - +0 chain mail
rPois    .         Spirit   .   (no helmet)
rElec    .         Reflect  .   (no cloak)
rCorr    .         Harm     .   (no gloves)
MR       .....                  (no boots)
Stlth    ..........             (no amulet)
HPRegen  0.08/turn              (no ring)
MPRegen  0.08/turn              (no ring)

@: no status effects
A: no striking features
a: no special abilities


You were on level 1 of the Dungeon.
You were not hungry.

You visited 1 branch of the dungeon, and saw 1 of its levels.
You visited the Abyss 1 time.

You collected 40 gold pieces.

Inventory:

Hand Weapons
 a - a +1 hand axe (weapon)
Armour
 b - a +0 leather armour
 m - a +0 chain mail (worn)
Jewellery
 n - a cursed -4 ring of evasion {unknown}
Scrolls
 e - a scroll of immolation {unknown}
 f - 4 scrolls of enchant armour {unknown}
 g - a scroll of fog {unknown}
 i - a scroll of noise {unknown}
 j - a scroll of remove curse {unknown}
Potions
 d - a potion of flight {unknown}
 h - a potion of curing {unknown}
 k - 2 potions of resistance {unknown}
Comestibles
 c - 2 bread rations
 l - 4 chunks of flesh


   Skills:
 - Level 3.6 Fighting
 + Level 4.2 Axes
 - Level 2.1 Armour
 - Level 0.7 Dodging
   Level 2.4 Invocations


You had one spell level left.
You didn't know any spells.

Dungeon Overview and Level Annotations

Branches:
Dungeon (1/15)

Altars:


Message History

No target in view!!!
You butcher the leopard gecko corpse!
l - 5 chunks of flesh (gained 2) Some of the chunks of flesh in your inventory have rotted butt!
n - a scratched coral ring
Found a helmet!
You see here a helmet!
Lugonu sends minions to punish you! The divine experience butts you!!!
You are confused!
A small abomination comes into view!
You see here a helmet!
A small abomination is nearby!!!
A small abomination is butt!!!
The small abomination hits you!!!
You bump into the rock wall!
The small butt hits you!!! * * * don't die
* * * You'butt too butt to move!!!
You feel less confused! The small abomination hits you!!! rip

###############
##.............#
##...##########.#
##..#..# #x#
...###.# #@#
##..#..# #.#
###...## #.# ##.##
#.# #.# #.# ###'##
#.# ##....##
######.# #..#...##
#...##.#
..###...###......#


You could see a small abomination.

Vanquished Creatures
  An ooze (D:1)
  A leopard gecko (D:1)
  A bat (D:1)
  2 goblins (D:1)
  2 hobgoblins (D:1)
  A ball python (D:1)
  2 kobolds (D:1)
  4 rats (D:1)
14 creatures vanquished.

Notes
Turn   | Place    | Note
-------+----------+-------------------------------------------
     0 | Abyss:1  | Gorglomux the Hill Orc Abyssal Knight began the quest for the Orb.
     0 | Abyss:1  | Reached XP level 1. HP: 19/19 MP: 2/2
     7 | Abyss:1  | Fell from the grace of Lugonu
   461 | Abyss:1  | Noticed a rakshasa
   512 | Abyss:1  | Noticed a shadow
   513 | D:1      | Escaped the Abyss
   600 | D:1      | Reached skill level 3 in Axes
   658 | D:1      | Reached XP level 2. HP: 26/26 MP: 3/3
  1041 | D:1      | Reached skill level 4 in Axes
  1216 | D:1      | Noticed a small abomination
  1220 | D:1      | Slain by a small abomination

Vault maps used:
D:1:      minmay_arrival_nine_rooms, serial_glass, glass_columns_a,
          glass_columns_a, minmay_strange_pillars
Abyss:1:  hangedman_decor_points

Skill      XL: |  1  2 |
---------------+-------+-----
Axes           | 3 4 |  4.2
Fighting       | |  3.6
Armour         | |  2.1
Dodging        | |  0.7
Invocations    | |  2.4

Action                   || total
-------------------------++-------
Melee: Hand axe          ||    40
Invok: Renounce Religion ||     1
  Eat: Chunk             ||     1
Armor: Leather armour    ||    10
Dodge: Dodged            ||    32

Table legend:
 A = Spawn XP
 B = Non-spawn XP
 C = Spawn XP percentage of total XP
 D = Spawn monster count
 E = Non-spawn monster count
 F = Spawn count percentage of total count
 G = Total turns spent on level
                    A         B        C        D         E        F      G
               +---------+---------+-------+---------+---------+-------+---------
         Total |       0 |      27 |   0.0 |       0 |      14 |   0.0 |  1220
               +---------+---------+-------+---------+---------+-------+---------
           D:1 |       0 |      27 |   0.0 |       0 |      14 |   0.0 |   707
               +---------+---------+-------+---------+---------+-------+---------
